AoeStats
← ßonera

Arabia

509456014Analyzed
4v4 RM · 4d ago on Sep 26, 2026· 35m 58s· 8 players
Game mode
Random Map
Map size
Large (8 player)
Population
200
Speed
Normal
Resources
Standard
Victory
Conquest
Starting age
Dark Age
Ending age
Imperial Age
RankedLock teamsTeams togetherTeam positionsShared explorationLock speedFull tech treeHidden civsTurbo modeCheats
Victory
Defeat
🇻🇪 Franks · Venezuela
905
+15
🇻🇪 Maya · Venezuela
863
+29
🇻🇪 Hindustanis · Venezuela
790
+20
🇨🇱 Britons · Chile
711
+22
🇫🇷 Vikings · France
894
-19
🇮🇹 Romans · Italy
883
-19
🇨🇱 Khmer · Chile
863
-18
🇭🇺 Japanese · Hungary
854
-18
W4IT ZeN
10:49 Feudal Age
11:13 Horse Collar
11:22 Double-Bit Axe
19:29 Castle Age
17:25 Stone Mining
20:41 Wheelbarrow
20:49 Bow Saw
21:08 Heavy Plow
24:37 Hand Cart
24:11 Loom
26:23 Fervor
26:58 Pikeman
31:02 Gold Mining
30:46 Crossbowman
33:30 Squires
ßonera
7:40 Loom
9:41 Feudal Age
22:18 Castle Age
22:27 Double-Bit Axe
22:27 Horse Collar
23:31 Wheelbarrow
24:35 Stone Mining
24:35 Gold Mining
26:48 Fletching
26:59 Padded Archer Armor
27:49 Bodkin Arrow
32:45 Leather Archer Armor
32:59 Pikeman
Bossman 9
9:58 Loom
13:14 Feudal Age
14:42 Double-Bit Axe
19:05 Castle Age
17:04 Gold Mining
17:48 Forging
17:42 Horse Collar
19:51 Bloodlines
20:11 Scale Barding Armor
21:12 Iron Casting
21:24 Husbandry
26:05 Chain Barding Armor
29:13 Fletching
32:03 Elite Skirmisher
33:14 Ballistics
Skibidi Bop
8:53 Loom
10:39 Feudal Age
15:52 Double-Bit Axe
20:19 Horse Collar
ibrahimjcg99
0:34 Loom
10:36 Feudal Age
11:05 Double-Bit Axe
11:02 Horse Collar
10:49 Man-at-Arms
15:42 Fletching
23:11 Castle Age
21:35 Padded Archer Armor
23:18 Crossbowman
24:24 Gold Mining
26:32 Wheelbarrow
26:10 Bow Saw
26:03 Heavy Plow
27:22 Bodkin Arrow
30:15 Ballistics
31:30 Leather Archer Armor
31:59 Thumb Ring
33:30 Stone Mining
34:22 Town Watch
36:25 Stone Shaft Mining
Jenson
4:37 Loom
11:30 Feudal Age
12:18 Double-Bit Axe
13:16 Wheelbarrow
12:29 Horse Collar
19:52 Castle Age
19:04 Gold Mining
19:09 Fletching
19:20 Padded Archer Armor
21:15 Hand Cart
22:14 Bow Saw
23:22 Gold Shaft Mining
22:51 Heavy Plow
24:16 Town Watch
27:02 Town Patrol
26:49 Crossbowman
32:38 Imperial Age
30:33 Yeomen
31:57 Murder Holes
darwinjrc1706
8:10 Loom
11:01 Feudal Age
14:06 Double-Bit Axe
15:27 Bloodlines
18:58 Scale Barding Armor
19:04 Forging
22:13 Fletching
22:23 Padded Archer Armor
22:57 Padded Archer Armor
24:34 Wheelbarrow
28:25 Castle Age
26:57 Horse Collar
27:10 Gold Mining
31:58 Chain Barding Armor
33:11 Iron Casting
32:44 Husbandry
Inquizidor
11:25 Feudal Age
12:26 Double-Bit Axe
13:07 Loom
17:11 Castle Age
16:29 Gold Mining
19:41 Scale Barding Armor
20:15 Gold Shaft Mining
22:57 Chain Barding Armor
26:25 Forging
29:24 Wheelbarrow
29:33 Iron Casting
29:45 Husbandry
31:59 Town Watch
34:36 Fletching
Connection lost

Rejoining the realm…

Still unreachable

The connection could not be restored.

Session expired

The server has moved on; the page needs a fresh start.